 Dungeon Crawl Stone Soup version 0.24-a0-7-g1bb0902 (webtiles) character file.

Game seed: 16851987821189911985

3 Mgcat the Insei (level 1, 0/13 HPs)
             Began as an Octopode Transmuter on Jan 30, 2019.
             Slain by an ooze (1 damage)
             ... on level 1 of the Dungeon.
             The game lasted 00:00:24 (45 turns).

Mgcat the Insei (Octopode Transmuter)                 Turns: 45, Time: 00:00:24

Health: 0/13       AC:  1    Str:  9    XL:     1   Next: 50%
Magic:  3/3        EV: 13    Int: 15    God:
Gold:   0          SH:  0    Dex: 12    Spells: 3/4 levels left

rFire    . . .     SeeInvis .     - Unarmed
rCold    . . .     Gourm    .   (no shield)
rNeg     . . .     Faith    .   (helmet restricted)
rPois    .         Spirit   .   (no amulet)
rElec    .         Reflect  .   (no ring)
rCorr    .         Harm     .   (no ring)
MR       .....                  (no ring)
Stlth    ++........             (no ring)
HPRegen  0.04/turn              (no ring)
MPRegen  0.08/turn              (no ring)
                                (no ring)
                                (no ring)

@: no status effects
A: almost no armour, stealthy swim, amphibious, 8 rings, constrict 8, camouflage
1, gelatinous body 1
a: no special abilities


You were on level 1 of the Dungeon.
You were not hungry.

You visited 1 branch of the dungeon, and saw 1 of its levels.

Inventory:

Missiles
 a - 12 arrows
Comestibles
 c - a ration


   Skills:
 - Level 1.0 Fighting
 + Level 2.0 Dodging
 + Level 0.4 Stealth
 + Level 3.0 Unarmed Combat
 - Level 2.0 Spellcasting
 + Level 2.1 Transmutations


You had 3 spell levels left.
You knew the following spells:

 Your Spells              Type           Power        Failure   Level  Hunger
a - Beastly Appendage     Tmut           #.....       10%         1    #......

Your spell library contained the following spells:

 Spells                   Type           Power        Failure   Level  Hunger
 Sticks to Snakes         Tmut           #.......     14%         2    ###....
 Spider Form              Tmut/Pois      #.........   41%         3    ###....
 Ice Form                 Ice/Tmut       #.......     82%         4    #####..
 Blade Hands              Tmut           #.........   95%         5    ######.


Dungeon Overview and Level Annotations

Branches:
Dungeon (1/15)

Altars:


Innate Abilities, Weirdness & Mutations

You cannot wear most types of armour.
You are very stealthy in the water. (Stealth+)
You are amphibious.
You can wear up to eight rings at the same time.
You can use your tentacles to constrict eight enemies at once.
Your skin changes colour to match your surroundings (Stealth+).
Your rubbery body absorbs attacks. (AC +1, EV +1)


Message History

Welcome, Mgcat the Octopode Transmuter.
Will you be the one to retrieve the fabulous Orb of Zot from the depths?
Press ? for a list of commands and other information.
Found a staircase leading out of the dungeon.
Lua error: attempt to yield across metamethod/C-call boundary Unknown command.
As you open the door, it creaks loudly!
There is an open door here.
You open the door.
There is an open door here.
A kobold comes into view.
A kobold is nearby!
A bat comes into view.
The kobold shouts!
The bat hits you.
You take 1 damage, and have 12/13 hp.
You closely miss the bat. Your grab misses the bat.
The bat hits you but does no damage.
An ooze comes into view.
You barely miss the kobold.
The ooze quivers.
You grab the kobold.
You constrict the kobold, but do no damage.
The bat misses you. The kobold hits you.
A giant cockroach comes into view.
The bat hits you but does no damage.
You take 3 damage, and have 9/13 hp.
MASSIVE DAMAGE!!
Spoiler Alert: The giant cockroach is fast!
You are too injured to fight recklessly!
You are too injured to fight recklessly!
You are too injured to fight recklessly!
Unknown command.
Unknown command.
You tentacle-slap the bat.
You kill the bat!
You constrict the kobold, but do no damage.
The kobold completely misses you.
Spoiler Alert: The giant cockroach is fast!
You tentacle-slap the kobold.
You kill the kobold!
You see here a scroll labeled PAGREIKLILU.
You tentacle-slap the ooze. x2
The ooze is heavily wounded.
The ooze barely misses you.
Spoiler Alert: The giant cockroach is fast!
You tentacle-slap the ooze but do no damage.
The ooze is heavily wounded.
The giant cockroach closely misses you. The ooze hits you.
You take 5 damage, and have 4/13 hp.
MASSIVE DAMAGE!!
You tentacle-slap the giant cockroach but do no damage.
Your grab misses the giant cockroach. The giant cockroach closely misses you.
The ooze hits you.
* * * LOW HITPOINT WARNING * * *
You take 1 damage, and have 3/13 hp.
Spoiler Alert: The giant cockroach is fast!
You tentacle-slap the giant cockroach but do no damage.
You grab the giant cockroach.
You constrict the giant cockroach, but do no damage.
The giant cockroach misses you. The ooze misses you.
The giant cockroach bites you.
* * * LOW HITPOINT WARNING * * *
You take 2 damage, and have 1/13 hp.
Spoiler Alert: The giant cockroach is fast!
You tentacle-slap the giant cockroach.
The giant cockroach is almost dead.
You constrict the giant cockroach, but do no damage.
The ooze closely misses you.
The giant cockroach waves its antennae.
The giant cockroach barely misses you.
Spoiler Alert: The giant cockroach is fast!
You tentacle-slap the giant cockroach but do no damage.
The giant cockroach is almost dead.
You constrict the giant cockroach.
You kill the giant cockroach!
The ooze hits you.
You die...

#.........#
#......(..#
#.........#
#.........#
#.........#
##.......##
#.........#
##.........#
#.@.†......#
#..J........#
...............#
#####(........##
#..#.....##
..##..#### #..
#.## ... ..


You could see an ooze.

Vanquished Creatures
  A bat (D:1)
  A giant cockroach (D:1)
  A kobold (D:1)
3 creatures vanquished.

Notes
Turn   | Place    | Note
-------+----------+-------------------------------------------
     0 | D:1      | Mgcat the Octopode Transmuter began the quest for the Orb.
     0 | D:1      | Reached XP level 1. HP: 13/13 MP: 3/3
    42 | D:1      | HP: 3/13 [ooze (1)]
    43 | D:1      | HP: 1/13 [giant cockroach (2)]
    45 | D:1      | Slain by an ooze

Vault maps used:
D:1:      ncdulo_smallfort, wander_ebering_terrifying_dragon_lair

Action                   || total
-------------------------++-------
Melee: Unarmed           ||    10
       Constrict         ||     2
       Punch             ||     1
Armor: Skin              ||     2
Dodge: Dodged            ||     9

Table legend:
 A = Non-vault XP
 B = Vault XP
 C = Vault XP percentage of total XP
 D = Non-vault monster count
 E = Vault monster count
 F = Vault count percentage of total count
                 A         B        C        D         E       F
            +---------+---------+-------+---------+---------+-------
      Total |       5 |       0 |   0.0 |       3 |       0 |   0.0
            +---------+---------+-------+---------+---------+-------
        D:1 |       5 |       0 |   0.0 |       3 |       0 |   0.0
            +---------+---------+-------+---------+---------+-------

Vault maps used:
D:1:      ncdulo_smallfort, wander_ebering_terrifying_dragon_lair

Table legend:
 A = Turns spent in this place as a percentage of turns spent in the entire game.
 B = Non-inter-level travel turns spent in this place as a percentage of non-inter-level travel turns spent in the entire game.
 C = Inter-level travel turns spent in this place as a percentage of turns spent in this place.
 D = Turns resting spent in this place as a percentage of non-inter-level travel turns spent in this place.
 E = Turns spent auto-exploring this place as a percentage of non-inter-level travel turns spent in this place.
 F = Non-inter-level travel turns spent in this place divided by the number of levels of this place that you've seen.
                   A       B       C       D       E      F
               +-------+-------+-------+-------+-------+----------------------
         Total | 100.0 | 100.0 |   0.0 |   0.0 |  64.4 |  45.0
       Dungeon | 100.0 | 100.0 |   0.0 |   0.0 |  64.4 |  45.0
               +-------+-------+-------+-------+-------+----------------------

Table legend:
 A = Kills in this place as a percentage of kills in entire the game.
 B = Kills by you in this place as a percentage of kills by you in the entire game.
 C = Kills by friends in this place as a percentage of kills by friends in the entire game.
 D = Other kills in this place as a percentage of other kills in the entire game.
 E = Experience gained in this place as a percentage of experience gained in the entire game.
 F = Experience gained in this place divided by the number of levels of this place that you have seen.
                   A       B       C       D       E      F
               +-------+-------+-------+-------+-------+----------------------
         Total | 100.0 | 100.0 |   N/A |   N/A | 100.0 |   5.0
       Dungeon | 100.0 | 100.0 |   N/A |   N/A | 100.0 |   5.0
               +-------+-------+-------+-------+-------+----------------------
